 Dungeon Crawl Stone Soup version 0.20-a0-971-g5896763 (webtiles) character file.

76 Hybris the Poker (level 4, -16/45 HPs)
             Began as an Ogre Gladiator on Apr 8, 2017.
             Engulfed by a cloud of flame (23 damage)
             ... on level 2 of the Dungeon.
             The game lasted 00:03:03 (2368 turns).

Hybris the Poker (Ogre Gladiator)                   Turns: 2368, Time: 00:03:04

Health: -16/45     AC:  3    Str: 18 (19) XL:     4   Next: 32%
Magic:  13/13      EV: 10    Int:  6 (9)  God:
Gold:   60         SH:  0    Dex:  9 (10) Spells: 3/3 levels left

rFire    . . .     SeeInvis .   a - +0 trident
rCold    . . .     Gourm    .   (no shield)
rNeg     . . .     Faith    .   b - +0 robe
rPois    .         Spirit   .   c - +0 hat
rElec    .         Reflect  .   (no cloak)
rCorr    .         Harm     .   (gloves unavailable)
MR       .....                  (boots unavailable)
Stlth    +.........             (no amulet)
Regen    0.2/turn               e - ring of magical power
MPRegen  0.2/turn               (no ring)

@: no status effects
A: unfitting armour, tough skin 1
a: no special abilities


You were on level 2 of the Dungeon.
You were not hungry.

You visited 1 branch of the dungeon, and saw 2 of its levels.

You collected 60 gold pieces.

Inventory:

Hand Weapons
 a - a +0 trident (weapon)
Missiles
 d - 3 throwing nets (quivered)
 n - 8 tomahawks of returning
Armour
 b - a +0 robe (worn)
 c - a +0 hat (worn)
Jewellery
 e - a ring of magical power (left hand)
Scrolls
 g - a scroll of enchant weapon {unknown}
 h - 3 scrolls of remove curse {unknown}
 o - a scroll of teleportation {unknown}
Comestibles
 f - 2 bread rations
 i - 4 chunks of flesh
 m - a meat ration


   Skills:
 + Level 3.3 Fighting
 * Level 4.3 Polearms
 - Level 2.0 Throwing
 + Level 3.1 Dodging


You had 3 spell levels left.
You didn't know any spells.

Dungeon Overview and Level Annotations

Branches:
Dungeon (2/15)

Altars:


Innate Abilities, Weirdness & Mutations

You are too large for most types of armour.
You have tough skin. (AC +1)


Message History

There is an open door here.
Eating one of 5 chunks of flesh.
You eat one of the 5 chunks of flesh.
This raw flesh tastes terrible.
You see here a scale mail.
There is an escape hatch in the floor here.
Really walk into a travel-excluded area? [Y]es or [N]o only, please.
Really walk into a travel-excluded area? [Y]es or [N]o only, please.
Really walk into a travel-excluded area?
Okay, then.
Really walk into a travel-excluded area?
You now have 60 gold pieces (gained 16).
Really walk into a travel-excluded area?
You are engulfed in blazing flames.
You are engulfed in blazing flames.
* * * LOW HITPOINT WARNING * * *
You are engulfed in blazing flames.
Ouch! That really hurt!
You die...

#.#.# #.##########.......
#.#.# ### #...#### #.#.# #
#...# #...# #§ #...# ##..#
#§§ #########...# #.>#
##...#####...........# ##..
§...!.§§§..########(.# #..§
§..$..§§§..#......#..#
##.§§§.$??.§§@..#.#..#.#(.#
#####...#####.#.#.<#.#..#
#§§§# #.#.#.##.#(.# #§§§#
#.#.#.##.#..# #§§§#
#.#.#.##.#%.# ### #...#
#.#.#.##.#..# #.####..#
#.#.#....#..# #......##
#.#.######..# #.######
#.#.# #..#


There were no monsters in sight!

Vanquished Creatures
  2 adders (D:2)
  2 oozes
  A worm (D:2)
  A leopard gecko (D:1)
  5 bats
  A giant cockroach (D:2)
  3 goblins
  3 hobgoblins
  6 jackals
  7 frilled lizards
  8 kobolds
  6 rats
45 creatures vanquished.

Vanquished Creatures (others)
  A hobgoblin (D:2)
1 creature vanquished.

Grand Total: 46 creatures vanquished

Notes
Turn   | Place    | Note
-------+----------+-------------------------------------------
     0 | D:1      | Hybris the Ogre Gladiator began the quest for the Orb.
     0 | D:1      | Reached XP level 1. HP: 22/22 MP: 1/1
   478 | D:1      | Reached XP level 2. HP: 29/29 MP: 2/2
  1044 | D:1      | Reached XP level 3. HP: 36/36 MP: 3/3
  1300 | D:2      | Reached skill level 4 in Polearms
  1580 | D:2      | Reached XP level 4. HP: 45/45 MP: 4/4
  2368 | D:2      | Engulfed by a cloud of flame

Vault maps used:
D:1:      evilmike_arrival_plus, minmay_hexomino_f4
D:2:      kennysheep_goblin_castle, lemuel_flame_loot_1

Skill      XL: |  1  2  3 |
---------------+----------+-----
Dodging        | 3 |  3.1
Fighting       | 3 |  3.3
Polearms       | 4 |  4.3
Throwing       | |  2.0

Action                   |  1- 3 |  4- 6 || total
-------------------------+-------+-------++-------
Melee: Trident           |   121 |    43 ||   164
  Use: Potion            |       |     3 ||     3
  Eat: Chunk             |     2 |     3 ||     5
Armor: Robe              |    15 |    11 ||    26
Dodge: Dodged            |    57 |    29 ||    86
